 Dungeon Crawl Stone Soup version 0.29-a0-321-gf1c400731a (webtiles) character file.

Game seed: 2626375509750015662

138 Flugslaktarn the Stinger (level 5, -1/35 HPs)
             Began as a Human Venom Mage on Apr 3, 2022.
             Slain by Grinder (9 damage)
             ... on level 3 of the Dungeon.
             The game lasted 00:05:19 (853 turns).

Flugslaktarn the Stinger (Human Venom Mage)          Turns: 853, Time: 00:05:20

Health: -1/35      AC:  2    Str:  7 (8)  XL:     5   Next: 45%
Magic:  8/8        EV: 12    Int: 17 (18) God:
Gold:   94         SH:  0    Dex: 11 (13) Spells: 6/9 levels left

rFire   . . .      SeeInvis .   (no weapon)
rCold   . . .      Faith    .   (no shield)
rNeg    . . .      Spirit   .   a - +0 robe
rPois   .          Reflect  .   (no helmet)
rElec   .          Harm     .   (no cloak)
rCorr   .          Rampage  .   (no gloves)
Will    .....                   (no boots)
Stlth   ++........              (no amulet)
HPRegen 0.11/turn               (no ring)
MPRegen 0.11/turn               (no ring)

@: attractive
A: no striking features
a: no special abilities


You were on level 3 of the Dungeon.
You visited 1 branch of the dungeon, and saw 3 of its levels.

You collected 94 gold pieces.

Inventory:

Armour
 a - a +0 robe (worn)
Wands
 h - a wand of flame (21)
   (You took it off Terence on level 2 of the Dungeon)
Scrolls
 d - a scroll of vulnerability {unknown}
 g - a scroll of identify {unknown}
 z - a scroll of blinking
Potions
 c - 2 potions of attraction
 i - a potion of heal wounds {unknown}


   Skills:
 - Level 2.0 Dodging
 - Level 2.0 Stealth
 + Level 2.6 Spellcasting
 - Level 2.0 Transmutations
 - Level 2.0 Air Magic
 + Level 4.4 Poison Magic


You had 6 spell levels left.
You knew the following spells:

 Your Spells              Type           Power      Damage    Failure   Level
a - Sting                 Tmut/Pois      52%        1d5       4%          1
b - Poisonous Vapours     Pois/Air       26%        N/A       8%          2

Your spell library contained the following spells:

 Spells                   Type           Power      Damage    Failure   Level
 Mephitic Cloud           Conj/Pois/Air  9%         N/A       22%         3
 Olgreb's Toxic Radiance  Pois           17%        N/A       28%         4


Dungeon Overview and Level Annotations

Branches:
Dungeon (3/15)

Altars:
Cheibriados

Annotations:
D:3 Grinder


Message History

Found 48 gold pieces, 24 stones and a scroll of blinking.
Found an escape hatch in the ceiling.
There is a stone staircase leading up here.
Found 10 gold pieces.
z - a scroll of blinking You now have 41 gold pieces (gained 5).
You now have 58 gold pieces (gained 17).
You now have 69 gold pieces (gained 11).
Magic restored.
You now have 79 gold pieces (gained 10).
You now have 94 gold pieces (gained 15).
Found a snail-covered altar of Cheibriados.
There's nothing to open nearby.
You aren't carrying any pieces of jewellery.
Unknown command.
Okay, then.
Unknown command.
An adder comes into view.
Found a smoky ruby potion.
An orc comes into view. It is wielding a +0 dagger.
Found a Young Poisoner's Handbook.
The orc shouts!
You hear a shout!
A kobold comes into view. It is wielding a +0 dagger.
An orc comes into view. It is wielding a +0 dagger.
The orc throws a boomerang.
The boomerang hits you.
You see here a smoky ruby potion.
The kobold throws a stone.
The stone barely misses you.
Okay, then.
It was a potion of attraction.
You feel attractive to monsters.
The kobold throws a stone.
The stone closely misses you.
The orc throws a boomerang.
The boomerang hits you.
The orc is attracted toward you. x2; The kobold is attracted toward you.
Okay, then.
Unknown command.
It was a potion of lignification.
You turn into a tree.
Your +0 robe melds into your body.
Your roots penetrate the ground.
The orc hits you but does no damage. The orc is attracted toward you.
You completely miss the orc. The orc hits you but does no damage.
Grinder comes into view.
The orc hits you but does no damage. Grinder is attracted toward you.
Grinder shouts!
You hit the orc.
The orc is lightly wounded.
The orc hits you but does no damage. The kobold hits you but does no damage.
The orc hits you but does no damage. Grinder is attracted toward you.
You hit the orc but do no damage.
The orc is lightly wounded.
The orc hits you but does no damage. The orc hits you with a +0 dagger.
The kobold hits you but does no damage.
You hit Grinder.
Grinder is lightly wounded.
The orc hits you with a +0 club. Grinder hits you but does no damage.
The kobold hits you but does no damage. The orc hits you but does no damage.
You hit Grinder.
Grinder is lightly wounded.
The kobold hits you but does no damage. The orc barely misses you.
Grinder hits you but does no damage. The orc completely misses you.
The orc is attracted toward you.
The orc shouts!
You hit Grinder.
Grinder is moderately wounded.
The orc hits you but does no damage. Grinder hits you but does no damage.
The kobold hits you but does no damage. The orc hits you but does no damage.
The orc is attracted toward you.
You hit Grinder but do no damage.
Grinder is moderately wounded.
The kobold hits you but does no damage. The orc hits you but does no damage.
Grinder hits you. The orc hits you but does no damage.
You hit Grinder.
Grinder is heavily wounded.
The orc hits you but does no damage. Grinder gestures at you.
You suddenly lose the ability to move!
The orc barely misses you. The kobold barely misses you.
The kobold hits you but does no damage. The orc hits you but does no damage.
Grinder hits you.
You writhe in agony.
* * * LOW HITPOINT WARNING * * *
The orc hits you with a +0 dagger.
* * * LOW HITPOINT WARNING * * *
You can move again.
You hit Grinder.
Grinder is heavily wounded.
The orc hits you but does no damage. Grinder hits you but does no damage.
The kobold hits you but does no damage. The orc hits you but does no damage.
The orc is attracted toward you.
It was a potion of degeneration.
There was something very wrong with that liquid.
You feel weakened.
You feel dopey.
You feel clumsy.
The orc shouts!
You hear an angry hiss.
The orc hits you but does no damage. Grinder hits you but does no damage.
The kobold hits you but does no damage. The orc hits you with a +0 dagger.
* * * LOW HITPOINT WARNING * * *
The orc is attracted toward you.
It was a potion of cancellation.
Your magical effects are unravelling.
You feel magically purged.
You feel less wooden.
Your +0 robe unmelds from your body.
The orc misses you. Grinder hits you!
You die...

#...# .... #...# #........##
... #..........#
##.##...........#
#..#............#
####.....=......:..#
#.....##o..........#
......#..#.?...K5.####
.###....# #...oo@##..
####..## #...oo###.#### #.
#.....####..§..###..... ...
...##....§..........#.###.#
## ##...####.......#.....#
#.....#.####.......#.._..
#>...#.#.<.##.......#...
..####.###.##.......#.###.#.
# #.# ..#............^..


You could see Grinder, 4 orcs and a kobold.

Vanquished Creatures
  Terence (D:2)
  Natasha (thrice) (D:2)
  An adder (D:2)
  A worm (D:2)
  A dart slug (D:1)
  A ball python (D:2)
  3 endoplasms
  A giant cockroach (D:1)
  3 goblins
  A hobgoblin (D:1)
  3 kobolds
  2 quokkas (D:1)
  4 bats (D:1)
25 creatures vanquished.

Notes
Turn   | Place    | Note
-------+----------+-------------------------------------------
     0 | D:1      | Flugslaktarn the Human Venom Mage began the quest for the
                  | Orb.
     0 | D:1      | Reached XP level 1. HP: 13/13 MP: 3/3
    95 | D:1      | Reached XP level 2. HP: 12/19 MP: 0/5
   138 | D:1      | Learned a level 2 spell: Poisonous Vapours
   381 | D:3      | Noticed Natasha
   404 | D:2      | Killed Natasha
   405 | D:2      | Reached skill level 4 in Poison Magic
   405 | D:2      | Reached XP level 3. HP: 12/24 MP: 0/6
   476 | D:2      | Reached skill level 1 in Air Magic
   476 | D:2      | Reached XP level 4. HP: 14/30 MP: 1/7
   480 | D:2      | Noticed Natasha
   557 | D:2      | Killed Natasha
   565 | D:2      | Noticed Natasha
   580 | D:2      | Killed Natasha
   581 | D:2      | Reached XP level 5. HP: 13/35 MP: 3/8
   696 | D:2      | Noticed Terence
   704 | D:2      | Killed Terence
   828 | D:3      | Found a snail-covered altar of Cheibriados.
   842 | D:3      | Noticed Grinder
   849 | D:3      | Paralysed by Grinder for 2 turns
   853 | D:3      | Slain by Grinder

Illustrated notes

Levels and vault maps discovered:
D:1:      amcnicky_arrival_wind_blow, layout_loops_ring, st_stairs_10,
          minmay_tiny_reverse_x
D:2:      layout_loops_cross, uniq_terence
D:3:      layout_rooms, mainiacjoe_overflow_cross_hatched,
          hellmonk_ghost_happy_afterlife, uniq_natasha, uniq_crazy_yiuf_cottage,
          uniq_grinder

Skill      XL: |  1  2  3  4 |
---------------+-------------+-----
Transmutations | 2 |  2.0
Poison Magic   | 4 |  4.4
Air Magic      | 1 2 |  2.0
Dodging        | |  2.0
Stealth        | |  2.0
Spellcasting   | |  2.6

Action                   |  1- 3 |  4- 6 || total
-------------------------+-------+-------++-------
Melee: Unarmed           |    10 |    12 ||    22
 Cast: Sting             |    30 |    19 ||    49
       Poisonous Vapours |       |     6 ||     6
  Use: Potion            |       |     5 ||     5
       Scroll            |       |     1 ||     1
Armor: Robe              |    12 |     1 ||    13
       Skin              |       |    30 ||    30
Dodge: Dodged            |    20 |    17 ||    37

Table legend: (Time is in decaauts)
 A = Elapsed time spent in this place.
 B = Non-inter-level travel time spent in this place.
 C = Inter-level travel time spent in this place.
 D = Time resting spent in this place.
 E = Time spent auto-exploring this place.
 F = Levels seen in this place.
 G = Mean time per level.
                   A        B        C        D        E       F      G
               +--------+--------+--------+--------+--------+-----+--------+
         Total |    877 |    867 |     10 |      0 |      0 |   3 |  292.3 |
       Dungeon |    877 |    867 |     10 |      0 |      0 |   3 |  292.3 |
               +--------+--------+--------+--------+--------+-----+--------+

Top non-repeatable levels by time:
     D:2: 426 daAuts
     D:1: 361 daAuts
     D:3: 90 daAuts
